 Dungeon Crawl Stone Soup version 0.24.0-10-g970556be89 (webtiles) character file.

Game seed: 13764590287968621772, levelgen mode: deterministic

565392 Gumption the Hoplite (level 25, -4/248 (249) HPs)
             Began as a Deep Dwarf Fighter on Nov 2, 2019.
             Was the Champion of Makhleb.
             Succumbed to an ushabti's dark miasma
             ... on level 2 of the Tomb of the Ancients on Nov 3, 2019.
             The game lasted 11:09:15 (60732 turns).

Gumption the Hoplite (Deep Dwarf Fighter)          Turns: 60732, Time: 11:09:16

HP:   -4/248 (249)  AC: 45    Str: 24    XL:     25   Next: 97%
MP:   25/25 (6)     EV: 16    Int: 21    God:    Makhleb [******]
Gold: 3927          SH: 38    Dex: 23    Spells: 34/34 levels left

rFire    + . .     SeeInvis +   a - +9 broad axe (chop)
rCold    + . .     Gourm    .   T - +8 large shield of the Inquisitive Lovers {rPois MR+ Dex-2 SInv}
rNeg     + + .     Faith    .   Y - +9 gold dragon scales
rPois    +         Spirit   .   V - +3 hat of Pondering {ponderous, MR+ MP+10 Int+5}
rElec    +         Reflect  +   l - +2 cloak {+Inv}
rCorr    .         Harm     .   c - +1 pair of gloves {archery}
MR       +++++     NoTele   +   k - +1 pair of boots
Stlth    ..........             P - +4 amulet of reflection
HPRegen  0.00/turn              I - ring of Duemidef {rElec Int+4 Stlth+}
MPRegen  0.19/turn              G - ring "Xehehyah" {-Tele rPois rN+ MP+9 Dex+8}

@: lethally poisoned (-4 -> -35), non-regenerating, badly diseased, slowed, very
slow
A: damage resistance, heal wounds, blurry vision 1, deterioration 1, negative
energy resistance 1, sense surroundings 3, screaming 1, no potion heal 1, no
regeneration
}: 2/15 runes: barnacled, gossamer
a: Heal Wounds, Minor Destruction, Lesser Servant of Makhleb, Major Destruction,
Greater Servant of Makhleb, Renounce Religion, Evoke Invisibility


You were on level 2 of the Tomb of the Ancients.
You worshipped Makhleb.
Makhleb was exalted by your worship.
You were not hungry.

You visited 11 branches of the dungeon, and saw 49 of its levels.
You also visited: Trove, Ossuary, Ice Cave and Desolation.

You collected 6281 gold pieces.
You spent 2354 gold pieces at shops.

Inventory:

Hand Weapons
 a - a +9 broad axe of chopping (weapon)
 b - the +7 hunting sling of Voutwux {speed, *Corrode rC+ Int+7 Dex+2}
   (You found it on level 4 of the Lair of Beasts)

   Attacks with this weapon are significantly faster.
   It affects your intelligence (+7).
   It affects your dexterity (+2).
   It protects you from cold.
   It may corrode you when you take damage.
 w - a +2 broad axe of electrocution
Missiles
 u - 25 curare-tipped darts
 v - 59 sling bullets
 x - 8 throwing nets
 F - 39 boomerangs (quivered)
 L - 187 stones
Armour
 c - a +1 pair of gloves of archery (worn)
 k - a +1 pair of boots (worn)
 l - a +2 cloak of invisibility (worn)
 T - the +8 large shield of the Inquisitive Lovers (worn) {rPois MR+ Dex-2 SInv}
   (You bought it in a shop on level 1 of the Depths)

   It affects your dexterity (-2).
   It protects you from poison.
   It affects your resistance to hostile enchantments.
   It lets you see invisible.
 V - the +3 hat of Pondering (worn) {ponderous, MR+ MP+10 Int+5}
   (You took it off Gastronok on level 1 of the Lair of Beasts)

   It affects your intelligence (+5).
   It affects your resistance to hostile enchantments.
   It affects your magic capacity (+10).
 Y - +9 gold dragon scales (worn)
Jewellery
 r - an uncursed ring of protection from fire
 y - an uncursed ring of resist corrosion
 B - a +2 ring of evasion {unknown}
 G - the ring "Xehehyah" (right hand) {-Tele rPois rN+ MP+9 Dex+8}
   (You found it on level 4 of the Shoals)

   [ring of positive energy]

   It affects your dexterity (+8).
   It protects you from poison.
   It protects you from negative energy.
   It affects your magic capacity (+9).
   It prevents most forms of teleportation.
 I - the ring of Duemidef (left hand) {rElec Int+4 Stlth+}
   (You found it on level 6 of the Lair of Beasts)

   [ring of intelligence]

   It affects your intelligence (+4).
   It insulates you from electricity.
   It makes you more stealthy.
 P - a +4 amulet of reflection (around neck)
Wands
 s - a wand of disintegration (9)
 z - a wand of digging (16)
 A - a wand of paralysis (28)
 J - a wand of iceblast (29)
 R - a wand of clouds (11)
 S - a wand of enslavement (15)
 Z - a wand of acid (43)
Scrolls
 i - 2 scrolls of identify
 m - 9 scrolls of remove curse
 q - a scroll of holy word
 t - a scroll of silence
 C - 22 scrolls of teleportation
 E - 3 scrolls of magic mapping
 H - 10 scrolls of fog
 K - 7 scrolls of immolation
 Q - a scroll of summoning
 W - 6 scrolls of blinking
 X - 6 scrolls of fear
Potions
 d - 3 potions of invisibility
 f - 9 potions of might
 g - 7 potions of mutation
 h - 3 potions of heal wounds
 j - 16 potions of curing
 n - 7 potions of haste
 o - 5 potions of resistance
 D - 2 potions of agility
 M - 3 potions of berserk rage
 N - 2 potions of brilliance
 O - 4 potions of cancellation
 U - 4 potions of flight
Miscellaneous
 p - 2 phantom mirrors
Comestibles
 e - 93 rations


   Skills:
 + Level 19.3 Fighting
 - Level 18.0 Axes
 - Level 12.0 Slings
 + Level 21.3 Armour
 + Level 14.7 Dodging
 - Level 25.0 Shields
 + Level 5.1 Spellcasting
 - Level 15.0 Invocations
 + Level 12.8 Evocations


You had 34 spell levels left.
You didn't know any spells.
Your spell library contained the following spells:

 Spells                   Type           Power        Failure   Level  Hunger
 Animate Skeleton         Necr           N/A          83%         1    None
 Apportation              Tloc           #.....       83%         1    None
 Confusing Touch          Hex            #.....       83%         1    None
 Corona                   Hex            #......      83%         1    None
 Flame Tongue             Conj/Fire      #....        83%         1    None
 Infusion                 Chrm           #...         83%         1    None
 Pain                     Necr           #...         83%         1    None
 Shock                    Conj/Air       #...         83%         1    None
 Sting                    Conj/Pois      #...         83%         1    None
 Summon Butterflies       Summ           #.......     83%         1    None
 Summon Small Mammal      Summ           #...         83%         1    None
 Call Imp                 Summ           #.......     93%         2    None
 Corpse Rot               Necr           N/A          93%         2    None
 Ensorcelled Hibernation  Hex/Ice        #.....       93%         2    None
 Passwall                 Tmut/Erth      #.......     93%         2    None
 Poisonous Vapours        Pois/Air       #.....       93%         2    None
 Shroud of Golubria       Chrm/Tloc      #.....       93%         2    None
 Slow                     Hex            #.......     93%         2    None
 Sticks to Snakes         Tmut           #.......     93%         2    None
 Sublimation of Blood     Necr           #.........   93%         2    None
 Swiftness                Chrm/Air       #.......     93%         2    None
 Throw Flame              Conj/Fire      #.....       93%         2    None
 Call Canine Familiar     Summ           #.......     99%         3    ##.....
 Confuse                  Hex            #.......     99%         3    ##.....
 Conjure Flame            Conj/Fire      #.......     99%         3    ##.....
 Dazzling Spray           Conj/Hex       #.....       99%         3    ##.....
 Gell's Gravitas          Tloc           #.........   99%         3    ##.....
 Ignite Poison            Fire/Tmut/Pois #.......     99%         3    ##.....
 Inner Flame              Hex/Fire       #.......     99%         3    ##.....
 Portal Projectile        Hex/Tloc       #.....       99%         3    ##.....
 Static Discharge         Conj/Air       #.......     99%         3    ##.....
 Summon Guardian Golem    Hex/Summ       #.......     99%         3    ##.....
 Teleport Other           Tloc           #.......     99%         3    ##.....
 Tukima's Dance           Hex            #.......     99%         3    ##.....
 Airstrike                Air            #.........   100%        4    ####...
 Animate Dead             Necr           N/A          100%        4    ####...
 Cause Fear               Hex            #.........   100%        4    ####...
 Force Lance              Conj/Tloc      #.......     100%        4    ####...
 Leda's Liquefaction      Hex/Erth       #.........   100%        4    ####...
 Petrify                  Tmut/Erth      #.......     100%        4    ####...
 Sticky Flame             Conj/Fire      #.......     100%        4    ####...
 Summon Ice Beast         Ice/Summ       #.......     100%        4    ####...
 Summon Lightning Spire   Summ/Air       #.......     100%        4    ####...
 Agony                    Necr           #.......     100%        5    #####..
 Alistair's Intoxication  Tmut/Pois      #.......     100%        5    #####..
 Bolt of Magma            Conj/Fire/Erth #.........   100%        5    #####..
 Borgnjor's Vile Clutch   Necr/Erth      #.........   100%        5    #####..
 Fireball                 Conj/Fire      #.........   100%        5    #####..
 Irradiate                Conj/Tmut      #.........   100%        5    #####..
 Iskenderun's Battlesphe  Conj/Chrm      #.......     100%        5    #####..
 Metabolic Englaciation   Hex/Ice        #.........   100%        5    #####..
 Silence                  Hex/Air        #.........   100%        5    #####..
 Summon Mana Viper        Hex/Summ       #.......     100%        5    #####..
 Venom Bolt               Conj/Pois      #.........   100%        5    #####..
 Yara's Violent Unravell  Hex/Tmut       #.........   100%        5    #####..
 Bolt of Cold             Conj/Ice       #.........   100%        6    #######
 Darkness                 Hex            #.........   100%        6    #######
 Deflect Missiles         Chrm/Air       #.........   100%        6    #######
 Dispersal                Tloc           #.........   100%        6    #######
 Iron Shot                Conj/Erth      #.........   100%        6    #######
 Shadow Creatures         Summ           N/A          100%        6    #######
 Dragon Form              Tmut           #.........   100%        7    #######
 Orb of Destruction       Conj           #.........   100%        7    #######
 Spellforged Servitor     Conj/Summ      #.........   100%        7    #######
 Summon Hydra             Summ           #.........   100%        7    #######
 Controlled Blink         Tloc           N/A          100%        8    #######
 Discord                  Hex            #.........   100%        8    #######
 Disjunction              Tloc           #.........   100%        8    #######
 Infestation              Necr           #.........   100%        8    #######
 Regeneration             Chrm/Necr      Unusable     N/A         3    N/A

Dungeon Overview and Level Annotations

Branches:
Dungeon (15/15)            Temple (1/1) D:4            Lair (6/6) D:9
 Shoals (4/4) Lair:2       Spider (4/4) Lair:4        Slime (0/5) Lair:6
    Orc (2/2) D:10            Elf (3/3) Orc:2        Vaults (4/5) D:13
  Crypt (3/3) Vaults:3       Tomb (2/3) Crypt:3      Depths (5/5) D:15
    Zot (0/5) Depths:5    Ossuary (visited)           IceCv (visited)
Desolation (visited)

Altars:
Ashenzari
Cheibriados
Dithmenos
Elyvilon
Fedhas
Gozag
Hepliaklqana
Kikubaaqudgha
Makhleb
Nemelex Xobeh
Okawaru
Qazlal
Ru
Sif Muna
Trog
Uskayaw
Vehumet
Wu Jian
Xom
Yredelemnul
Zin
The Shining One
Beogh

Shops:
D:10 (   Orc:1 (   Orc:2 ?***   Elf:1 [   Elf:3 =   Vaults:1 ?   Vaults:2 *
Depths:1 *%:[   Depths:3 }==

Portals:
Hell: Depths:1 Depths:2 Depths:3 Depths:4 Depths:5
Abyss: Depths:1 Depths:4
Pandemonium: Depths:3
Ziggurat: Depths:3

Annotations:
Lair:1 2 exclusions
Elf:2 1 runed translucent door


Innate Abilities, Weirdness & Mutations

You are resistant to damage.
You can heal yourself by infusing magical energy.
You resist negative energy. (rN+)
You passively map a large area around you.
You do not regenerate.
Scrolls take you a little longer to read.
Your body sometimes deteriorates upon taking damage.
You occasionally shout uncontrollably at your foes.
Potions are less effective at restoring your health.


Message History

You block the emperor scorpion's attack. x2
The emperor scorpion completely misses you.
The emperor scorpion stings you but does no damage.
The emperor scorpion closely misses you.
The emperor scorpion claws you!
* * * LOW HITPOINT WARNING * * *
You hear a hideous shriek!
Press: ? - help, Shift-Dir - straight line, f - guardian mummy
Aim: a guardian mummy You hear a mighty clap of thunder!
The bolt of lightning hits the emperor scorpion!
The emperor scorpion is almost dead.
The bolt of lightning hits the guardian mummy!
The guardian mummy is moderately damaged.
The bolt of lightning misses the wraith.
The bolt of lightning hits the chaos spawn!!
The chaos spawn is heavily wounded.
You are engulfed in dark miasma.
* * * LOW HITPOINT WARNING * * *
You die...

* ,* , , , , , , .##
*##. ,, , *,, , . ..
### .., .,, ,,, , ,
, .. .##.##. ..,, ,
* ...##.....##...,,
* , ,
..#..MsMMM4.#.. ,
,,, , ,,
.#...5sWzM8s.#. , ,
, , ,
#...5MMssV4s..# , *
, #..4s3s@sMW4..#
,,, ,
,,,,#...Z88Mss3..!#,
, , ,* ,, ,
.#.3.4z4Ms...#. , ,
, , ,..#^.M8MMWW.#..
, , ,
...##.WWW.##... , ,
.. ,.##.##. .. ,, *
, , . .. ### .. ,. ,
,, * , ,.## ##.,,, ,
, , ,< * * , , ,*,


You could see 4 greater mummies, 4 emperor scorpions, 3 mummy priests, a flayed
ghost, an orange demon, 2 hellwings, 2 guardian mummies, 4 ushabtiu, a freezing
wraith, a hungry ghost, a neqoxec, 2 ynoxinuls, 3 chaos spawn, a vampire
(invisible), 2 wraiths, 8 death scarabs, 2 shadows, a flying skull, 4 mummies, a
wight, 2 ufetubi and a tengu zombie.

Vanquished Creatures
  An ancient lich (Tomb:1)
  Khufu (Crypt:2)
  Mennas (Vaults:3)
  Mara (Crypt:2)
  A juggernaut (Depths:2)
  A greater mummy (Tomb:1)
  A curse toe (Crypt:3)
  Frederick (Crypt:2)
  Xtahua (Depths:3)
  2 golden dragons
  Nikola (Depths:2)
  2 bone dragons
  A tentacled monstrosity (Depths:2)
  2 deep elf blademasters (Elf:3)
  2 titans (Depths:2)
  2 quicksilver dragons
  Asterion (Depths:2)
  3 liches
  9 sphinxes
  Polyphemus (Shoals:4)
  Gastronok (Lair:1)
  11 ancient champions
  3 storm dragons
  5 revenants
  Ilsuiw (Shoals:4)
  5 tengu reavers
  Kirke (Shoals:2)
  14 vault wardens
  Roxanne (Elf:2)
  A balrug (Depths:4)
  3 iron dragons (Depths:2)
  14 fire giants
  8 frost giants
  10 deep elf sorcerers
  4 ghost moths
  5 imperial myrmidons (Desolation)
  Louise (Depths:1)
  5 emperor scorpions (Spider:4)
  13 ghouls
  9 ironheart preservers
  A draconian shifter (Depths:5)
  2 curse skulls
  2 deep elf elementalists
  A draconian annihilator (Depths:5)
  A caustic shrike skeleton (Depths:4)
  7 very ugly things
  A juggernaut skeleton (Depths:3)
  2 spriggan defenders
  7 stone giants
  16 vampire knights
  A black draconian (Depths:5)
  11 deep elf demonologists
  8 entropy weavers
  2 halazid warlocks (Desolation)
  2 bennus (Tomb:1)
  2 green draconians (Depths:5)
  A purple draconian (Depths:5)
  7 deep elf annihilators
  6 spark wasps
  A red draconian (Depths:5)
  2 white draconians (Depths:5)
  5 eidola
  9 deep elf death magi
  8 ettins
  6 merfolk javelineers
  Snorg (Lair:3)
  8 mummy priests (Tomb:1)
  5 fire dragons
  9 yaktaur captains
  5 merfolk impalers
  8 jiangshi
  6 deep elf high priests
  6 rakshasas
  Erolcha (D:9)
  The ghost of happy the Lord of Darkness, a journeyman DEAs of Kikubaaqudgha (Lair:5)
  5 spriggan air magi
  8 great orbs of eyes
  10 servants of whispers (Desolation)
  11 vault guards
  10 ragged hierophants (Desolation)
  A juggernaut simulacrum (Depths:4)
  6 hydras
  Fannar (D:12)
  3 peacekeepers (Desolation)
  14 ice dragons
  A catoblepas (Shoals:4)
  A merfolk avatar (Shoals:1)
  An alligator snapping turtle (Shoals:2)
  6 merfolk aquamancers
  8 centaur warriors
  52 two-headed ogres
  2 satyrs
  3 death knights
  A queen ant (shapeshifter) (Vaults:4)
  6 death scarabs (Tomb:1)
  4 deep troll earth magi
  26 dancing weapons
  5 deep troll shamans
  3 tengu warriors
  8 death yaks
  4 orc high priests
  17 ogre magi
  A queen ant (Spider:4)
  5 spriggan berserkers
  9 vampire magi
  2 sun demons (Depths:4)
  A storm dragon zombie (Crypt:3)
  2 iron trolls
  A fire crab (shapeshifter) (Depths:4)
  8 shadow wraiths
  15 deep elf knights
  10 hell knights
  13 sea snakes
  A spark wasp zombie (Crypt:1)
  An unseen horror (shapeshifter) (Vaults:3)
  19 deep trolls
  A storm dragon skeleton (Depths:3)
  7 flayed ghosts
  13 deep elf archers
  A quicksilver dragon simulacrum (Crypt:3)
  A gelid demonspawn (Depths:3)
  A glowing orange brain (shapeshifter) (Depths:3)
  6 glowing orange brains
  47 skeletal warriors
  8 wizards
  19 phantasmal warriors
  6 golden dragon skeletons
  13 orc knights
  A lindwurm (Lair:6)
  27 harpies
  20 ironbrand convokers
  56 deep elf magi
  5 necromancers
  An orb spider (shapeshifter) (D:15)
  6 orc sorcerers
  3 tengu skeletons
  13 orb spiders
  A harpy (shapeshifter) (Depths:2)
  8 manticores
  An oklob plant (Lair:3)
  29 wolf spiders
  A stone giant zombie (Crypt:3)
  A moth of wrath (shapeshifter) (Depths:3)
  A frost giant zombie (Crypt:2)
  37 slime creatures
  A cyclops (shapeshifter) (Vaults:2)
  4 fire giant zombies
  4 shadow dragon skeletons (Depths:3)
  12 fauns
  47 ugly things
  11 elephants
  8 cyclopes
  2 sphinx skeletons (Depths:3)
  A salamander (shapeshifter) (Depths:4)
  An iron dragon skeleton (Depths:3)
  A fire giant skeleton (Depths:3)
  3 ice statues (IceCv)
  3 moths of wrath
  A dire elephant zombie (Crypt:3)
  6 merfolk sirens
  17 vault sentinels
  A shock serpent zombie (Crypt:2)
  2 stone giant skeletons
  3 frost giant skeletons
  8 water nymphs
  4 black mambas
  2 guardian serpents (Desolation)
  2 spriggan skeletons (Depths:3)
  4 naga magi (Vaults:4)
  5 torpor snails
  Joseph (Lair:1)
  A molten gargoyle (Desolation)
  10 spiny frogs
  Maurice (D:9)
  A gargoyle (D:10)
  An orange demon (Depths:3)
  A hellion (Depths:3)
  A rime drake (Lair:3)
  A rime drake (shapeshifter) (Depths:2)
  A red draconian zombie (Crypt:3)
  2 kobold demonologists
  A white draconian zombie (Crypt:2)
  8 freezing wraiths
  50 yaktaurs
  4 tengu conjurers
  10 demonic crawlers
  7 guardian mummies
  A sea snake skeleton (Crypt:2)
  2 hydra zombies
  7 komodo dragons
  2 trolls (shapeshifter)
  10 trolls
  A queen bee (Lair:6)
  A redback zombie (D:15)
  27 merfolk
  3 jumping spiders (shapeshifter)
  4 wind drakes
  3 meliai (Lair:6)
  14 hornets
  10 polar bears
  A tengu simulacrum (Vaults:3)
  A wolf spider simulacrum (Vaults:1)
  4 tyrant leeches (Lair:6)
  29 jumping spiders
  5 bog bodies
  11 snapping turtles
  A fire dragon zombie (Crypt:1)
  50 saltlings (Desolation)
  10 hippogriffs
  3 raiju (Lair:6)
  A meliai zombie (D:11)
  17 dream sheep
  A dream sheep (shapeshifter) (Vaults:2)
  A hippogriff (shapeshifter) (Vaults:2)
  45 flying skulls
  A stone giant simulacrum (Crypt:3)
  2 fire giant simulacra
  A satyr skeleton (Crypt:1)
  5 vampires
  An air elemental (Elf:1)
  66 redbacks
  2 spriggans (Depths:5)
  A shadow (D:15)
  34 tarantellas
  2 ettin skeletons
  An ushabti (Tomb:1)
  A fire dragon skeleton (Crypt:1)
  18 water elementals
  4 wyverns
  11 wraiths
  A yak (shapeshifter) (Vaults:2)
  24 yaks
  An ice dragon skeleton (Crypt:3)
  4 hogs (Shoals:2)
  A human (shapeshifter) (D:15)
  4 fire elementals
  A steam dragon (D:8)
  A basilisk (D:13)
  A chaos spawn (Depths:3)
  A golden eye (shapeshifter) (Depths:1)
  2 human simulacra (Vaults:1)
  A neqoxec (Depths:3)
  6 wargs
  An infernal demonspawn zombie (Crypt:1)
  Edmund (D:4)
  16 soldier ants
  3 acid dragons
  7 water moccasins
  14 hell hounds (Lair:6)
  A deep troll skeleton (Crypt:3)
  5 porcupines
  4 sky beasts
  A floating eye (shapeshifter) (Depths:1)
  An ogre skeleton (Vaults:1)
  28 orc warriors
  12 black bears
  A hornet zombie (D:7)
  11 ice beasts
  A blink frog zombie (Crypt:3)
  2 phantoms
  A black mamba simulacrum (Crypt:3)
  8 necrophages
  4 boggarts (D:15)
  40 ogres
  23 wolves
  2 eyes of draining
  2 snapping turtle skeletons (Crypt:1)
  The ghost of kkkmkkk the Firebug, an amateur DsFE (D:3)
  9 centaurs
  A dream sheep skeleton (Crypt:2)
  9 crocodiles
  A bullfrog (shapeshifter) (Depths:1)
  2 elf zombies
  6 big kobolds
  17 bullfrogs
  A gnoll sergeant (D:12)
  Blork the orc (D:5)
  2 wyvern zombies
  A draconian skeleton (Crypt:2)
  A salamander skeleton (Crypt:2)
  5 elf skeletons
  A spiny frog simulacrum (Crypt:3)
  A wyvern skeleton (D:9)
  5 earth elementals
  5 scorpions
  22 killer bees
  A troll zombie (Crypt:1)
  3 howler monkeys
  8 wights
  An electric eel (Spider:4)
  A vampire bat (Orc:2)
  13 crimson imps
  3 centaur zombies
  3 bullfrog zombies
  A quasit (D:12)
  3 jellies
  2 hounds
  4 human zombies
  9 centaur skeletons
  25 orc wizards
  17 orc priests
  A human skeleton (D:8)
  A gnoll shaman (D:5)
  Jessica (D:3)
  3 bullfrog skeletons
  4 iguanas
  34 worker ants
  A felid zombie (Crypt:2)
  A naga zombie (Tomb:1)
  A big kobold zombie (Ossuary)
  36 mummies
  4 hound zombies
  A worker ant zombie (D:9)
  Robin (D:3)
  17 gnolls
  12 adders
  8 shadow imps
  A steam dragon skeleton (Crypt:2)
  12 white imps (Lair:6)
  2 oozes
  3 worms
  4 adder zombies
  2 adder skeletons
  4 dart slugs
  7 leopard geckos
  75 orcs
  A bat skeleton (Crypt:1)
  A bat zombie (Crypt:3)
  5 giant cockroaches
  16 goblins
  6 hobgoblins
  15 jackals
  4 quokkas
  5 ball pythons
  A ball python zombie (D:3)
  12 bats
  A frilled lizard (D:3)
  A frilled lizard skeleton (Crypt:1)
  A frilled lizard zombie (Crypt:3)
  3 gnoll zombies (Ossuary)
  A goblin skeleton (Crypt:2)
  12 kobolds
  A kobold zombie (Ossuary)
  2 leopard gecko skeletons
  A leopard gecko zombie (D:9)
  An orc skeleton (D:8)
  A quokka zombie (D:5)
  8 rats
  A rat zombie (Ossuary)
  2 crawling corpses (Elf:3)
  A fungus (Lair:3)
  10 plants
2390 creatures vanquished.

Vanquished Creatures (collateral kills)
  A two-headed ogre (D:7)
  A skeletal warrior (Depths:3)
  A fire giant skeleton (Depths:3)
  An elf skeleton (Depths:3)
  2 soldier ants (Spider:4)
  A howler monkey (D:7)
7 creatures vanquished.

Vanquished Creatures (others)
  2 deep elf master archers (Elf:3)
  Aizul (Shoals:2)
  A curse skull (Crypt:2)
  2 ironheart preservers (Vaults:1)
  4 stone giants
  4 yaktaur captains
  A two-headed ogre (Depths:2)
  5 centaur warriors
  3 satyrs (Shoals:4)
  A deep elf knight (Elf:2)
  A hell knight (Depths:5)
  A wizard (D:13)
  8 deep elf archers
  2 deep elf magi
  2 cyclopes
  9 fauns
  A manticore (Shoals:3)
  17 yaktaurs
  A merfolk (Shoals:3)
  A human (Shoals:2)
  2 soldier ants (Spider:4)
  An orc warrior (D:13)
  10 centaurs
  2 howler monkeys (D:8)
  3 worker ants (Spider:4)
  A quokka (D:8)
  A quokka skeleton (D:8)
  A fungus (Lair:2)
  82 plants
170 creatures vanquished.

Grand Total: 2567 creatures vanquished

Notes
Turn   | Place    | Note
-------+----------+-------------------------------------------
     0 | D:1      | Gumption the Deep Dwarf Fighter began the quest for the
                  | Orb.
     0 | D:1      | Reached XP level 1. HP: 20/20 MP: 1/1
   203 | D:1      | Reached XP level 2. HP: 24/27 MP: 2/2
   504 | D:1      | Reached skill level 4 in Shields
   504 | D:1      | Reached XP level 3. HP: 22/33 MP: 3/3
   993 | D:2      | Reached XP level 4. HP: 31/40 MP: 4/4
  1002 | D:2      | Found a faded altar of an unknown god.
  1557 | D:2      | Found a snail-covered altar of Cheibriados.
  1770 | D:3      | Reached skill level 5 in Shields
  1874 | D:3      | Reached XP level 5. HP: 46/46 MP: 5/5
  1898 | D:3      | Noticed Robin
  2053 | D:3      | Killed Robin
  2274 | D:3      | Noticed Jessica
  2277 | D:3      | Killed Jessica
  2335 | D:3      | Found a transporter.
  2363 | D:3      | Found a transporter.
  2364 | D:3      | Noticed kkkmkkk's ghost (amateur DsFE)
  2455 | D:3      | Found a shimmering altar of Xom.
  2465 | D:3      | Reached skill level 5 in Axes
  2599 | D:3      | Reached XP level 6. HP: 50/55 MP: 6/6
  2636 | D:4      | Reached skill level 6 in Shields
  2692 | D:4      | Found a staircase to the Ecumenical Temple.
  2713 | Temple   | Entered the Ecumenical Temple
  2834 | Temple   | Became a worshipper of Makhleb the Destroyer
  2884 | D:4      | Noticed Edmund
  2911 | D:4      | Killed Edmund
  3237 | D:4      | Reached XP level 7. HP: 62/62 MP: 7/7
  3515 | D:5      | Entered Level 5 of the Dungeon
  3558 | D:5      | Found a shimmering blue altar of Sif Muna.
  3567 | D:5      | Found a blossoming altar of Fedhas.
  3586 | D:5      | Reached skill level 7 in Shields
  3672 | D:5      | Noticed Blork the orc
  3694 | D:5      | Killed Blork the orc
  3754 | D:5      | Reached * piety under Makhleb
  3942 | D:5      | Reached XP level 8. HP: 57/72 MP: 8/8
  4131 | D:6      | Reached skill level 8 in Shields
  4789 | D:6      | Found a glowing golden altar of the Shining One.
  5069 | D:7      | Reached skill level 9 in Shields
  5250 | D:7      | Reached skill level 5 in Fighting
  5270 | D:7      | Reached ** piety under Makhleb
  5305 | D:7      | Found a shattered altar of Ashenzari.
  5712 | D:8      | Gained mutation: You passively map the area around you.
                  | [Deep Dwarf growth]
  5712 | D:8      | Reached XP level 9. HP: 81/81 MP: 8/8
  5786 | D:8      | Reached skill level 10 in Shields
  5821 | D:8      | Found a sand-covered staircase.
  5833 | Ossuary  | Entered an ossuary
  6222 | D:8      | Found a hide-covered altar of Uskayaw.
  6253 | D:8      | Reached skill level 1 in Invocations
  6293 | D:8      | Reached *** piety under Makhleb
  6310 | D:8      | Found a white marble altar of Elyvilon.
  6468 | D:8      | Noticed a two-headed ogre
  6507 | D:7      | Killed a two-headed ogre
  6941 | D:8      | Reached XP level 10. HP: 90/92 MP: 0/10
  6959 | D:8      | Reached skill level 5 in Armour
  6996 | D:8      | Noticed a three-headed hydra
  7005 | D:8      | Killed a one-headed hydra
  7005 | D:8      | Reached skill level 11 in Shields
  7005 | D:8      | Reached skill level 5 in Invocations
  7365 | D:9      | Noticed Maurice
  7365 | D:9      | Noticed a cyclops
  7387 | D:8      | Killed a cyclops
  7503 | D:9      | Noticed Erolcha
  7655 | D:9      | Killed Maurice
  7917 | D:9      | Paralysed by Erolcha for 3 turns
  7923 | D:9      | Killed Erolcha
  7984 | D:9      | Reached **** piety under Makhleb
  8077 | D:9      | Noticed a rakshasa
  8123 | D:9      | Killed a rakshasa
  8123 | D:9      | Reached XP level 11. HP: 72/100 MP: 11/13
  8170 | D:9      | Reached skill level 10 in Axes
  8181 | D:9      | Found a staircase to the Lair.
  8389 | D:9      | Noticed a centaur warrior
  8415 | D:9      | Killed a centaur warrior
  8843 | D:10     | Entered Level 10 of the Dungeon
  9248 | D:10     | Found a staircase to the Orcish Mines.
  9255 | D:10     | Found Bunnugolen's Weapon Boutique.
  9661 | D:10     | Reached skill level 12 in Shields
 10211 | D:11     | Reached ***** piety under Makhleb
 10729 | Lair:1   | Entered Level 1 of the Lair of Beasts
 10738 | Lair:1   | Reached XP level 12. HP: 104/112 MP: 15/15
 10773 | Lair:1   | Noticed Gastronok
 10816 | Lair:1   | Killed Gastronok
 11078 | Lair:1   | Noticed a seven-headed hydra
 11090 | Lair:1   | Killed a one-headed hydra
 11383 | Lair:1   | Noticed Joseph
 11388 | Lair:1   | Killed Joseph
 12010 | Lair:2   | Found a staircase to the Shoals.
 12557 | Lair:2   | Reached skill level 10 in Invocations
 12878 | Lair:3   | Noticed an eight-headed hydra
 12892 | Lair:3   | Killed a one-headed hydra
 12892 | Lair:3   | Reached skill level 13 in Shields
 13066 | Lair:3   | Noticed Snorg
 13107 | Lair:3   | Killed Snorg
 13154 | Lair:3   | Noticed a death yak
 13154 | Lair:3   | Noticed a death yak
 13154 | Lair:3   | Noticed a death yak
 13168 | Lair:3   | Noticed a death yak
 13172 | Lair:3   | Noticed a death yak
 13195 | Lair:3   | Killed a death yak
 13235 | Lair:3   | Killed a death yak
 13243 | Lair:3   | Killed a death yak
 13247 | Lair:3   | Killed a death yak
 13247 | Lair:3   | Reached XP level 13. HP: 109/121 MP: 16/16
 13855 | Lair:4   | Got an ancient hunting sling
 13856 | Lair:4   | Identified the +7 hunting sling of Voutwux {speed, *Corrode
                  | rC+ Int+7 Dex+2} (You found it on level 4 of the Lair of
                  | Beasts)
 13882 | Lair:4   | Reached skill level 10 in Armour
 13998 | Lair:4   | Reached skill level 1 in Slings
 14077 | Lair:4   | Found a hole to the Spider Nest.
 14945 | Lair:5   | Found a runed translucent door.
 14946 | Lair:5   | Noticed happy's ghost (journeyman DEAs)
 15479 | Lair:6   | Entered Level 6 of the Lair of Beasts
 15550 | Lair:6   | Reached skill level 10 in Fighting
 15645 | Lair:6   | Found a frozen archway.
 15713 | IceCv    | Entered an ice cave
 15922 | IceCv    | Reached ****** piety under Makhleb
 16045 | IceCv    | Got a faintly glowing battleaxe
 16082 | Lair:6   | Identified the +8 battleaxe of Sudden Death {holy, rElec
                  | rC+ SInv} (You found it in an ice cave)
 16815 | Lair:6   | Found a staircase to the Slime Pits.
 17036 | Lair:6   | Reached skill level 14 in Shields
 17087 | Lair:6   | Gained mutation: You resist negative energy. (rN+) [Deep
                  | Dwarf growth]
 17087 | Lair:6   | Reached XP level 14. HP: 131/133 MP: 10/10
 17345 | Lair:6   | Reached skill level 5 in Slings
 17441 | Lair:6   | Got a slimy tin ring
 17442 | Lair:6   | Identified the ring of Duemidef {rElec Int+4 Stlth+} (You
                  | found it on level 6 of the Lair of Beasts)
 17699 | Lair:6   | Found a runed translucent door.
 18275 | D:10     | Bought 17 sling bullets for 102 gold pieces
 19051 | D:12     | Noticed Fannar
 19101 | D:12     | Killed Fannar
 19777 | D:13     | Found the +12 glaive of Prune {chop}
 19877 | D:13     | Got a smelly chain mail
 19878 | D:13     | Identified the +8 chain mail "Hiosie" {rPois rC+ Int-3
                  | Slay+4} (You found it on level 13 of the Dungeon)
 20101 | D:13     | Found a gate to the Vaults.
 21804 | D:14     | Got a jewelled chain mail
 21832 | D:14     | Reached XP level 15. HP: 142/142 MP: 11/11
 21925 | D:14     | Found a white marble altar of Elyvilon.
 21974 | D:15     | Entered Level 15 of the Dungeon
 22242 | D:15     | Reached skill level 15 in Shields
 22475 | D:15     | Found a bloodstained altar of Trog.
 23192 | D:15     | Found a staircase to the Depths.
 23485 | D:3      | Killed kkkmkkk's ghost
 23539 | D:3      | Got a twisted dagger
 23563 | D:3      | Identified the +6 chain mail "Raocs" {rF- MR- Str+6} (You
                  | found it on level 14 of the Dungeon)
 23870 | Lair:5   | Killed happy's ghost
 24115 | Orc:1    | Entered Level 1 of the Orcish Mines
 24151 | Orc:1    | Found Caoren's Weapon Shoppe.
 24370 | Orc:2    | Entered Level 2 of the Orcish Mines
 24391 | Orc:2    | Found a roughly hewn altar of Beogh.
 25045 | Orc:2    | Found a staircase to the Elven Halls.
 25217 | Orc:2    | Gained mutation: You occasionally shout uncontrollably at
                  | your foes. [a neqoxec]
 25218 | Orc:2    | Gained mutation: Your body sometimes deteriorates upon
                  | taking damage. [a neqoxec]
 25219 | Orc:2    | Gained mutation: Scrolls take you a little longer to read.
                  | [a neqoxec]
 25696 | Orc:2    | Found Naegug's Magic Scroll Boutique.
 25696 | Orc:2    | Found Tigupu's General Store.
 25704 | Orc:2    | Found Imnuhar's Assorted Antiques.
 25704 | Orc:2    | Found Xeocs's General Store.
 25734 | Orc:2    | Bought a scroll of noise for 14 gold pieces
 25970 | Spider:1 | Entered Level 1 of the Spider Nest
 26035 | Spider:1 | Reached skill level 1 in Dodging
 27179 | Spider:2 | Reached XP level 16. HP: 143/152 MP: 11/11
 29186 | Spider:4 | Entered Level 4 of the Spider Nest
 29490 | Spider:4 | Reached skill level 16 in Shields
 29499 | Spider:4 | Reached skill level 15 in Axes
 29566 | Spider:4 | Reached skill level 5 in Dodging
 29694 | Spider:4 | Reached skill level 10 in Slings
 30620 | Spider:4 | Got a gossamer rune of Zot
 31146 | Orc:2    | Upgraded the game from 0.24.0-7-gb3623d2c88 to
                  | 0.24.0-10-g970556be89
 31153 | Elf:1    | Entered Level 1 of the Elven Halls
 31246 | Elf:1    | Reached XP level 17. HP: 162/162 MP: 11/11
 31412 | Elf:1    | Gained mutation: Potions are less effective at restoring
                  | your health. [a neqoxec]
 31418 | Elf:1    | Noticed a Brimstone Fiend
 32365 | Elf:1    | Found Potoyt's Armour Shop.
 32855 | Elf:2    | Found a runed translucent door.
 32893 | Elf:2    | Found a runed translucent door.
 32951 | Elf:2    | Noticed Roxanne
 33122 | Elf:2    | Killed Roxanne
 34639 | Shoals:1 | Entered Level 1 of the Shoals
 35082 | Shoals:1 | Reached skill level 17 in Shields
 35238 | Shoals:2 | Gained mutation: You passively map a large area around you.
                  | [Deep Dwarf growth]
 35238 | Shoals:2 | Reached XP level 18. HP: 172/172 MP: 12/12
 35453 | Shoals:2 | Noticed Aizul
 35491 | Shoals:2 | Killed Aizul
 35564 | Shoals:2 | Noticed Kirke
 35577 | Shoals:2 | Killed Kirke
 36340 | Shoals:3 | Reached skill level 15 in Armour
 36784 | Shoals:4 | Entered Level 4 of the Shoals
 36809 | Shoals:4 | Noticed Polyphemus
 36837 | Shoals:4 | Killed Polyphemus
 36857 | Shoals:4 | Got a barnacled rune of Zot
 36992 | Shoals:4 | Got a twitching marble ring
 37367 | Shoals:4 | Reached skill level 10 in Dodging
 37399 | Shoals:4 | Reached skill level 18 in Shields
 37454 | Shoals:4 | Noticed Ilsuiw
 37584 | Shoals:4 | Killed Ilsuiw
 38296 | Orc:2    | Bought 3 scrolls of identify for 84 gold pieces
 38296 | Orc:2    | Bought a scroll of identify for 28 gold pieces
 38302 | Orc:2    | Identified the ring "Xehehyah" {-Tele rPois rN+ MP+9 Dex+8}
                  | (You found it on level 4 of the Shoals)
 38399 | Elf:3    | Entered Level 3 of the Elven Halls
 38427 | Elf:3    | Reached XP level 19. HP: 182/182 MP: 13/13
 38594 | Elf:3    | Found Onecag's Jewellery Shop.
 39229 | Elf:3    | Identified the ring of Foolhardiness {Wiz *Corrode rElec
                  | rPois rC+}
 39421 | Elf:3    | Noticed a Brimstone Fiend
 39617 | Elf:3    | Reached skill level 19 in Shields
 39800 | Elf:3    | Identified the Catalogue of Freezing Air
 40191 | Vaults:1 | Entered Level 1 of the Vaults
 40321 | Vaults:1 | Found a ruined gateway.
 40340 | Desolati | Entered the Desolation of Salt
 40419 | Desolati | Got a smoking emerald amulet
 40422 | Desolati | Identified the amulet "Masan" {Gourm rPois Int+6 Dex+2}
                  | (You found it in the Desolation of Salt)
 40802 | Desolati | Reached XP level 20. HP: 183/193 MP: 13/13
 40868 | Desolati | Identified the Tome of the Spatial Blaze
 40870 | Desolati | Identified the Grimoire of Entrancing Protection
 40878 | Desolati | Identified the Grimoire of Shifting Venom
 41101 | Desolati | Reached skill level 15 in Fighting
 41433 | Vaults:1 | Reached skill level 20 in Shields
 41888 | Vaults:1 | Found Maxzow's Magic Scroll Shop.
 42639 | Vaults:2 | Found Cewaguka's Assorted Antiques.
 42905 | Vaults:2 | Got a pitted scale mail
 42908 | Vaults:2 | Identified the +1 scale mail of Disaster {+Fly} (You found
                  | it on level 2 of the Vaults)
 43328 | Vaults:2 | Reached skill level 21 in Shields
 43553 | Vaults:2 | Reached XP level 21. HP: 204/204 MP: 14/14
 43888 | Vaults:3 | Identified a scroll of acquirement
 44284 | Vaults:3 | Noticed Mennas
 44307 | Vaults:3 | Killed Mennas
 45205 | Vaults:3 | Reached skill level 22 in Shields
 45607 | Vaults:3 | Found a staircase to the Crypt.
 46155 | Vaults:4 | Reached XP level 22. HP: 214/214 MP: 16/16
 46465 | Vaults:4 | Got a bloodstained hat
 46472 | Vaults:4 | Identified the +0 hat "Suwah" {Str+4} (You found it on
                  | level 4 of the Vaults)
 46483 | Vaults:4 | Found a radiant altar of Vehumet.
 46989 | Depths:1 | Entered Level 1 of the Depths
 47330 | Depths:1 | Paralysed by a floating eye for 4 turns
 47392 | Depths:1 | Noticed Louise
 47421 | Depths:1 | Killed Louise
 47457 | Depths:1 | Found a one-way gate to the infinite horrors of the Abyss.
 47564 | Depths:1 | Found a gateway to Hell.
 47677 | Depths:1 | Identified the Almanac of Lightness and Creation
 47684 | Depths:1 | Found Nyddid Keat's General Store.
 47685 | Depths:1 | Found Rapruesa's Book Shop.
 47685 | Depths:1 | Found Omurre Fups's Food Boutique.
 47690 | Depths:1 | Found Civexoc's Armour Shop.
 47696 | Depths:1 | Bought the +8 large shield of the Inquisitive Lovers {rPois
                  | MR+ Dex-2 SInv} for 796 gold pieces
 47869 | Depths:1 | Reached skill level 23 in Shields
 48177 | Depths:2 | Noticed a juggernaut
 48179 | Depths:2 | Noticed a golden dragon
 48425 | Depths:2 | Killed a juggernaut
 48425 | Depths:2 | Reached skill level 15 in Invocations
 48439 | Depths:2 | Reached XP level 23. HP: 194/224 MP: 16/16
 48554 | Depths:2 | Noticed Nikola
 48570 | Depths:2 | Killed Nikola
 49298 | Vaults:1 | Bought a scroll of enchant armour for 90 gold pieces
 49298 | Vaults:1 | Bought a scroll of blinking for 90 gold pieces
 49298 | Vaults:1 | Bought a scroll of blinking for 90 gold pieces
 49518 | Orc:2    | Bought a scroll of enchant armour for 105 gold pieces
 49518 | Orc:2    | Bought a scroll of enchant weapon for 105 gold pieces
 49523 | Orc:2    | Bought a scroll of enchant armour for 277 gold pieces
 49523 | Orc:2    | Bought a potion of mutation for 296 gold pieces
 49523 | Orc:2    | Bought a scroll of enchant armour for 277 gold pieces
 49785 | Depths:2 | Noticed Asterion
 49822 | Depths:2 | Killed Asterion
 49939 | Depths:2 | Reached skill level 24 in Shields
 50294 | Depths:2 | Found a portal to a secret trove of treasure.
 50493 | Depths:2 | You paid a toll of 2 scrolls of acquirement to enter a
                  | treasure trove
 50494 | Trove    | Entered a treasure trove
 50552 | Trove    | Got a translucent zirconium amulet
 50554 | Trove    | Got a faintly glowing turquoise ring
 50556 | Trove    | Got a slimy bronze amulet
 50626 | Depths:2 | Identified the amulet "Kinubiruo" {Harm *Drain MP+9 Str+5
                  | Int+5} (You found it in a treasure trove)
 50628 | Depths:2 | Identified the ring of Nen Wozu {rC+ MR- Int+6 Slay+1} (You
                  | found it in a treasure trove)
 50630 | Depths:2 | Identified the amulet "Dipi" {+Rage Str+5 Int+5} (You found
                  | it in a treasure trove)
 50836 | Depths:3 | Noticed Xtahua
 50862 | Depths:3 | Killed Xtahua
 51049 | Depths:3 | Found a gateway to a ziggurat.
 51434 | Depths:3 | Found a one-way gate leading to the halls of Pandemonium.
 51599 | Depths:3 | Found Keyfaukk's Gadget Shoppe.
 51599 | Depths:3 | Found Alofogyh's Jewellery Shop.
 51600 | Depths:3 | Found Keketuv's Jewellery Shop.
 51814 | Depths:3 | Reached skill level 1 in Evocations
 52358 | Depths:4 | Got a shimmering steel ring
 52417 | Depths:4 | Reached XP level 24. HP: 236/236 MP: 16/16
 52492 | Depths:3 | Got an ivory quarterstaff
 52495 | Depths:3 | Identified the ring "Hymn" {*Tele MR+ Dex+4} (You found it
                  | on level 4 of the Depths)
 52498 | Depths:3 | Identified the cursed +3 quarterstaff of Foul Odors {crush,
                  | rN++ MR+ Str+2 Dex+2} (You found it on level 3 of the
                  | Depths)
 53172 | Depths:5 | Entered Level 5 of the Depths
 53223 | Depths:5 | Reached skill level 5 in Evocations
 53468 | Depths:5 | Reached skill level 25 in Shields
 54368 | Depths:5 | Found a gate to the Realm of Zot.
 55025 | Crypt:1  | Entered Level 1 of the Crypt
 55949 | Crypt:2  | Noticed Mara
 55969 | Crypt:2  | Noticed Gumption's illusion
 55999 | Crypt:2  | Killed Mara
 56079 | Crypt:2  | Noticed Frederick
 56088 | Crypt:2  | Killed Frederick
 56585 | Crypt:2  | Reached XP level 25. HP: 247/247 MP: 15/15
 56616 | Crypt:2  | Reached skill level 10 in Evocations
 56667 | Crypt:2  | Noticed Khufu
 56791 | Crypt:2  | Killed Khufu
 57976 | Crypt:3  | Entered Level 3 of the Crypt
 58096 | Crypt:3  | Reached skill level 1 in Spellcasting
 58350 | Crypt:3  | Found a staircase to the Tomb.
 58548 | Crypt:3  | Found an ancient bone altar of Kikubaaqudgha.
 58549 | Crypt:3  | Found a basalt altar of Yredelemnul.
 58668 | Crypt:3  | Identified Kikubaaqudgha's Guide on Darkness
 58677 | Crypt:3  | Got a crystal hand axe
 58680 | Crypt:3  | Identified the +3 hand axe "Caff" {antimagic, MP-9 Str+5
                  | Stlth+} (You found it on level 3 of the Crypt)
 59356 | Tomb:1   | Entered Level 1 of the Tomb of the Ancients
 60075 | Tomb:1   | Noticed an ancient lich
 60094 | Tomb:1   | Killed an ancient lich
 60142 | Tomb:1   | Noticed a greater mummy
 60159 | Tomb:1   | Killed a greater mummy
 60265 | Tomb:1   | Reached skill level 5 in Spellcasting
 60719 | Tomb:2   | Noticed a greater mummy
 60719 | Tomb:2   | Noticed a greater mummy
 60720 | Tomb:2   | Noticed a greater mummy
 60722 | Tomb:2   | Noticed a greater mummy
 60730 | Tomb:2   | HP: 11/249 [mummy priest/divine providence (8)]
 60732 | Tomb:2   | HP: 2/248 [ushabti] (2)]
 60732 | Tomb:2   | Succumbed to an ushabti's dark miasma

Levels and vault maps discovered:
D:1:      saegor_arrival_miasma, layout_basic
D:2:      layout_loops_ring, chequers_ecumenical_altar_simple_redux,
          kennysheep_slug_shrine
D:3:      layout_loops_cross, gammafunk_ghost_mausoleum, led_xom_imps,
          uniq_jessica, uniq_robin
D:4:      layout_cave_pools, minmay_temple_entry_statues, first_ration,
          minivault_14, uniq_edmund
D:5:      layout_rooms, nicolae_overflow_hidden_temple, uniq_blork_the_orc
D:6:      layout_basic, nicolae_tso_swordbearing_angel, kennysheep_dice
D:7:      layout_loops_ring, lemuel_round_altar
D:8:      layout_basic, eat_drink_and_be_merry_uskayaw, elyvilon_altar_4,
          nicolae_ossuary_entry_catacombs, hangedman_ranch
          [blue_anna_fruit_fields]
D:9:      minmay_chambers_of_sevens, layout_rooms, david_lair_shrubbed,
          uniq_erolcha, uniq_maurice
D:10:     layout_cave_pods, orc_david_3
D:11:     layout_rooms, minmay_between
D:12:     layout_loops_ring, uniq_fannar
D:13:     layout_layer_cave, grunt_vaults_entry_fortified,
          minmay_guarded_unrand_prune
D:14:     layout_irregular_city, lemuel_round_altar
D:15:     gammafunk_enter_depths_forms, layout_loops_ring,
          minmay_misc_feat_pillars, basic_altar
Temple:   nicolae_temple_elliptical
Lair:1:   layout_roguey, grunt_megastairs_3, lemuel_fruit_tree,
          serial_bayou_shore_a, uniq_joseph, uniq_gastronok
Lair:2:   layout_cave_pods, shoals_dummy_entry, serial_rivers,
          chequers_serial_rivers_large_a, chequers_serial_rivers_room_b,
          chequers_serial_rivers_micro_d, chequers_serial_rivers_micro_a,
          lemuel_old_faithful
Lair:3:   layout_roguey, minmay_lair_oklob_chamber, infiniplex_staircase_pool,
          grunt_megastairs_5, uniq_snorg
Lair:4:   layout_hall_layers, spider_nest_entry_a, serial_bayou_shore_b
Lair:5:   layout_loops_ring, gammafunk_ghost_grave
Lair:6:   hangedman_lair_caniforms_friends, layout_small_grid, wormcave,
          dpeg_slime_entry_corner, special_room [special_room_bee],
          portal_ice_cave_entry_imps
Shoals:1: layout_shoals
Shoals:2: layout_shoals, nicolae_shoals_cliffside_cave, uniq_kirke, uniq_aizul
Shoals:3: layout_shoals
Shoals:4: shoals_end_grunt_garden, layout_shoals, shoals_ilsuiw_alternative,
          uniq_polyphemus
Spider:1: layout_spider_delve
Spider:2: layout_spider_delve, hive_lemuel
Spider:3: layout_chambers
Spider:4: grunt_spider_rune_circles, zaba_anthell
Orc:1:    layout_caves, serial_shops, nicolae_shop_competitors_out_of_business
Orc:2:    grunt_orc_tribal_feast, layout_caves, basic_altar, roderic_batcave
Elf:1:    layout_gridlike, serial_shops, shop, hangedman_elf_represent,
          minivault_24
Elf:2:    layout_geoelf_octagon, grunt_ministairs_14, uniq_roxanne
Elf:3:    minmay_elf_hall_not_hex, layout_gridlike, serial_shops, shop
Vaults:1: vaults_dpeg_cross, v_misc_2, v_misc_31,
          nicolae_vaults_border_crossing, hangedman_vaults_stream,
          hangedman_vaults_snaps, vaults_mumra_hexcomb, vaults_room_ringed_pool,
          layout_vaults_big_cross, serial_shops, shop,
          portal_desolation_entry_nicolae_slug
Vaults:2: nicolae_vaults_halls_meeting, nicolae_vaults_network_quinsquares
          [nicolae_vaults_network_quincunx_subvault,
          nicolae_vaults_network_quincunx_subvault,
          nicolae_vaults_network_quincunx_subvault,
          nicolae_vaults_network_quincunx_subvault], vaults_room_octagon,
          v_misc_22, ontoclasm_vaults_twist, vaults_room_grid,
          ontoclasm_vaults_loading_screen, dpeg_vaults_monster_box,
          layout_vaults_omnigrid, serial_shops, shop
Vaults:3: v_misc_19, ontoclasm_vaults_claustrophobia, vaults_room_boxed,
          minmay_crypt_entry_simple_walls, hangedman_vaults_pinch,
          nicolae_vaults_c_with_doors, ontoclasm_vaults_pinch, v_misc_9,
          v_rooms_2, hangedman_vaults_slither, v_pattern_4,
          vaults_dpeg_encased_lava, layout_vaults_maze_snakey, uniq_mennas
Vaults:4: v_rooms_3, grunt_tower_of_power, ontoclasm_vaults_hangar, v_misc_16,
          hangedman_vaults_capsules, nicolae_vaults_sealed_display, v_misc_14,
          vaults_room_semicircle, nicolae_vaults_shelves_hall,
          ontoclasm_vaults_chip, layout_vaults_omnibox
Crypt:1:  layout_chaotic_city, grunt_ministairs_2
Crypt:2:  layout_gridlike, minmay_misc_feat_ornament, uniq_frederick, uniq_mara,
          uniq_khufu
Crypt:3:  lightli_unholy_cathedral, layout_chaotic_city,
          nicolae_tomb_entry_unfolded_pyramid_orthogonal
Tomb:1
Tomb:2
Depths:1: layout_cross, minmay_misc_feat_rugged, hell_entry,
          nicolae_abyss_entry_one_way_or_another, minmay_misc_feat_more_columns,
          grunt_ministairs_15, kennysheep_potato, minmay_shoptagon
Depths:2: minmay_central_circle, layout_gridlike, hell_entry,
          nicolae_trove_entry_diagonal, hangedman_abyss_or_decor_stabs,
          infiniplex_staircase_pool_2, uniq_asterion, uniq_nikola
Depths:3: minmay_skeleton_keep, layout_cave_pools, enter_ziggurat_d, hell_entry,
          chequers_serial_rivers_micro_c, rand_demon_pan_entry_4,
          minmay_staircase_windowed_small, firewood_loft, serial_bayou_shore_b,
          minmay_shop_grove, uniq_xtahua
Depths:4: minmay_angry_zag, layout_gridlike, lightli_too_deep,
          infiniplex_staircase_pool_1, abyss_entry_small_statue_room
Depths:5: grunt_zot_entry_gee_three, layout_honeycomb,
          hangedman_abyss_or_decor_slice, hell_entry

Skill      XL: |  1  2  3  4  5  6  7  8  9 10 11 12 13 14 15 16 17 18 19 20 21 22 23 24 25 |
---------------+----------------------------------------------------------------------------+-----
Axes           | 3 4 5 6 7 8 9 10 11 12 13 14 15 16 17 18 | 18.0
Shields        | 4 5 6 7 9 10 11 12 13 14 15 16 17 18 19 21 22 23 24 25 | 25.0
Fighting       | 3 4 5 6 7 8 9 10 11 12 13 14 15 16 17 18 19 | 19.3
Invocations    | 3 6 8 10 12 13 15 | 15.0
Armour         | 4 6 8 9 10 12 13 14 15 17 18 19 20 21 | 21.3
Slings         | 4 7 9 10 11 12 | 12.0
Dodging        | 3 6 8 10 11 13 14 | 14.7
Evocations     | 4 9 12 | 12.8
Spellcasting   | 5 |  5.1

Action                   |  1- 3 |  4- 6 |  7- 9 | 10-12 | 13-15 | 16-18 | 19-21 | 22-24 | 25-27 || total
-------------------------+-------+-------+-------+-------+-------+-------+-------+-------+-------++-------
Melee: War axe           |   118 |   135 |       |   696 |  1724 |   622 |       |       |       ||  3295
       Dagger            |       |    72 |   267 |       |       |       |       |       |       ||   339
       Hand axe          |       |       |   155 |   259 |    14 |       |       |       |       ||   428
       Broad axe         |       |       |       |       |       |   724 |  1597 |  1531 |   731 ||  4583
 Fire: Hunting sling     |       |    66 |    86 |    51 |  1098 |  1051 |   199 |  1258 |   353 ||  4162
       Fustibalus        |       |       |       |    59 |       |       |       |       |       ||    59
Throw: Stone             |    46 |    36 |     1 |       |       |       |       |       |       ||    83
       Dart              |     3 |     7 |    26 |     8 |       |       |       |       |       ||    44
       Boomerang         |       |       |    94 |    69 |     7 |   348 |   304 |     5 |    52 ||   879
Invok: Lesser Servant of |       |       |     1 |       |       |       |     2 |       |       ||     3
       Major Destruction |       |       |       |       |       |       |     1 |       |     2 ||     3
       Greater Servant o |       |       |       |       |       |       |       |     2 |     1 ||     3
 Abil: Heal Wounds       |     1 |     3 |    11 |    13 |    25 |     3 |     8 |    13 |    28 ||   105
       Evoke Invisibilit |       |       |       |       |       |       |       |       |     1 ||     1
Evoke: Wand              |       |       |       |     1 |     3 |     1 |       |     5 |       ||    10
  Use: Scroll            |     2 |    10 |     9 |     6 |    10 |    18 |     9 |    19 |     2 ||    85
       Potion            |       |     1 |       |     1 |     6 |     2 |     8 |       |     3 ||    21
 Stab: Confused          |       |       |       |       |       |     6 |       |       |       ||     6
       Distracted        |       |       |       |       |       |     1 |     2 |       |       ||     3
  Eat: Chunk             |       |     7 |    10 |    19 |    31 |    18 |    22 |    17 |     1 ||   125
       Ration            |       |     1 |       |     1 |     5 |     8 |       |     5 |     5 ||    25
Armor: Scale mail        |    14 |       |       |       |       |       |       |       |       ||    14
       Chain mail        |    42 |    98 |   220 |    55 |   564 |   736 |   373 |    59 |       ||  2147
       Plate armour      |       |       |       |   378 |   693 |       |       |       |       ||  1071
       Gold dragon scale |       |       |       |       |       |       |       |   228 |   314 ||   542
Dodge: Dodged            |    24 |    34 |   102 |   108 |   343 |   386 |   274 |   211 |   242 ||  1724
Block: Shield            |    50 |   111 |   257 |   238 |       |       |       |       |       ||   656
       Reflection        |       |       |       |     8 |    57 |   176 |   129 |    97 |     6 ||   473
       Large shield      |       |       |       |   822 |  2334 |  2112 |  1610 |  1620 |  1209 ||  9707
